[Event "Mitropa Cup Open 2024"]
[Site "Apolda"]
[Date "2024.02.15"]
[Round "1.10"]
[White "Bogner, Sebastian"]
[Black "Ivekovic, Bozidar"]
[Result "1/2-1/2"]
[ECO "E10"]
[WhiteElo "2538"]
[BlackElo "2399"]
[Annotator "TA"]
[PlyCount "92"]
[EventDate "2024.02.15"]
[EventType "team-tourn"]
[EventCountry "GER"]
[SourceTitle "playchess.com"]
[Source "ChessBase"]
[SourceQuality "1"]
[WhiteTeam "Switzerland"]
[BlackTeam "Croatia"]
[WhiteTeamCountry "SUI"]
[BlackTeamCountry "CRO"]
[TimeControl "40/5400+30:1800+30"]

1. d4 Nf6 2. c4 e6 3. Nf3 c5 4. d5 b5 5. dxe6 fxe6 6. cxb5 d5 7. e3 Bd6 8. Be2 Bb7 9. Nbd2 O-O 10. O-O Nbd7 (10... a6 $11 {was preferrable.}) 11. a4 Qe7 12. a5 Rad8 {[%emt 0:00:41] White is slightly better.} 13. Qc2 Ne4 14. b3 Ndf6 15. Ra4 Kh8 16. Bb2 Nxd2 17. Nxd2 e5 18. e4 {[%emt 0:05:54] White is more active.} Nxe4 (18... dxe4 $16 {is a better defense.} 19. a6 Ba8) 19. Nxe4 $18 dxe4 20. Bc1 Bc7 21. Qc3 Rd4 22. Ba3 Bd6 23. Rc4 Bd5 24. Rxc5 Bxc5 $4 (24... h6 $16 {is tougher.} 25. b4 Qe6) 25. Bxc5 ({Less strong is} 25. Qxc5 Qxc5 26. Bxc5 Ra8 27. Bxd4 exd4 $18) 25... Rc8 {[%emt 0:00:00] [#]} 26. Qxd4 Rxc5 27. Qb4 g6 28. Bc4 {[%emt 0:00:00] aiming for Bxd5.} e3 (28... Bb7 $142 29. a6 Ba8) 29. f3 $2 ({Don't blunder} 29. Bxd5 $2 exf2+ 30. Kh1 Rc1 $19) (29. fxe3 Be4 30. Rf7) 29... Bxc4 30. bxc4 {[%emt 0:00:00][%mdl 4096] Endgame. And now b6 would win. KQR-KQR} Qd6 31. Qc3 e2 32. Re1 Qc7 33. Rxe2 $2 (33. Qb4 $18 {is more deadly. b6 is the strong threat.} Qd6 34. Rxe2 Qd4+ 35. Kf1 (35. Kh1 Qxc4 36. Qxc4 Rxc4 $18) 35... Qd1+ 36. Qe1) 33... Rxb5 $16 34. Qa3 Rc5 35. a6 Kg8 36. Qb3 {[%emt 0:00:20] Strongly threatening Rb2.} Qd6 37. Qe3 $1 {[%emt 0:01:03] Hoping for Rd2.} Rxc4 38. Qxa7 Ra4 {[%emt 0:00:33] Wards off Ra2} 39. Rb2 {[%emt 0:00:40] Intending Rb8+ and mate.} Qd4+ 40. Qxd4 exd4 {[%emt 0:00:05] KR-KR} 41. Rb8+ Kf7 $2 {[%emt 0:30:52][%mdl 8192] [#]} (41... Kg7 $16) 42. Rb7+ $2 (42. Ra8 $1 $18 Kf6 43. Kf1) 42... Ke6 $1 $11 43. a7 h5 (43... Ra2 $1 $11) 44. h4 (44. Kf2 $16) 44... Ra2 45. Kf1 d3 {[%emt 0:00:00] [#]} (45... Kd5 $11 {keeps the balance.}) 46. Ke1 (46. Rb3 $1 $16) 46... Ke5 {[%emt 0:00:00] Weighted Error Value: White=0.46/Black=0.39.  Loses game:     	---       	Black=2      Missed win:     	White=2     	---        Mistake:       	White=3     	Black=4      Inaccurate:     	White=2     	---        OK:         	White=15    	Black=12     Best:        	White=2     	Black=4      Strong:       	White=1     	Black=1      Brilliant:      	White=1     	---} 1/2-1/2

[Event "Mitropa Cup Open 2024"]
[Site "Apolda"]
[Date "2024.02.15"]
[Round "1.11"]
[White "Tomulic, Teo"]
[Black "Baenziger, Fabian"]
[Result "1/2-1/2"]
[ECO "C07"]
[WhiteElo "2386"]
[BlackElo "2414"]
[Annotator "TA"]
[PlyCount "60"]
[EventDate "2024.02.15"]
[EventType "team-tourn"]
[EventCountry "GER"]
[SourceTitle "playchess.com"]
[Source "ChessBase"]
[SourceQuality "1"]
[WhiteTeam "Croatia"]
[BlackTeam "Switzerland"]
[WhiteTeamCountry "CRO"]
[BlackTeamCountry "SUI"]
[TimeControl "40/5400+30:1800+30"]

1. e4 e6 2. d4 d5 3. Nd2 c5 4. exd5 Qxd5 5. Ngf3 cxd4 6. Bc4 Qd6 7. O-O Nf6 8. Nb3 Nc6 9. Nbxd4 Nxd4 10. Nxd4 Be7 11. Be3 O-O 12. Qf3 Qc7 13. Bb3 Bd7 14. h3 Rfd8 15. Rfe1 a5 {[%emt 0:11:47] [#] Hoping for ...a4.} 16. a4 Bc5 17. Rad1 Qb6 18. Qg3 Be8 $2 {[%emt 0:13:44] [#]} ({Reject} 18... Bxa4 $6 19. Bxa4 Rxd4 (19... Bxd4 $2 {loses.} 20. Rxd4 Rxd4 21. c3 $18) 20. Bxd4 Bxd4 21. c3 $16) (18... Bc6 $11 19. Nxc6 Qxc6) 19. Qe5 $2 (19. Nxe6 $1 $18 fxe6 20. Bxc5 Qxc5 21. Rxd8 Rxd8 22. Rxe6 Rd1+ 23. Re1+ Rd5 24. Bxd5+ Qxd5 25. Re7) 19... Kh8 {[%emt 0:05:55] The position is equal.} 20. Nf5 Bxe3 21. Nxe3 (21. Qxe3 {simplifies} Rxd1 22. Rxd1 Qxe3 23. Nxe3 g6 24. Ra1) 21... Qb4 22. Nc4 Rxd1 23. Rxd1 Bxa4 24. Nd6 {[%emt 0:01:52] And now Rd4 would win.} Be8 25. Rd4 Qb6 26. Nc4 Qb4 27. Nd6 Qb6 28. Nc4 Qb4 29. Nd6 Qb6 30. Nc4 Qb4 {[%emt 0:00:10] Weighted Error Value: White=0.18 (very precise) /Black=0.21 (precise) .  Loses game:     	---       	Black=1      Missed win:     	White=1     	---        OK:         	White=10    	Black=9      Best:        	White=1     	---} 1/2-1/2

[Event "Mitropa Cup Open 2024"]
[Site "Apolda"]
[Date "2024.02.15"]
[Round "1.12"]
[White "Fecker, Noah"]
[Black "Novosel, Lovro"]
[Result "1-0"]
[ECO "B90"]
[WhiteElo "2397"]
[BlackElo "2373"]
[Annotator "TA"]
[PlyCount "41"]
[EventDate "2024.02.15"]
[EventType "team-tourn"]
[EventCountry "GER"]
[SourceTitle "playchess.com"]
[Source "ChessBase"]
[SourceQuality "1"]
[WhiteTeam "Switzerland"]
[BlackTeam "Croatia"]
[WhiteTeamCountry "SUI"]
[BlackTeamCountry "CRO"]
[TimeControl "40/5400+30:1800+30"]

1. e4 c5 2. Nf3 d6 3. d4 cxd4 4. Nxd4 Nf6 5. Nc3 a6 6. Rg1 b5 7. g4 Bb7 8. Bg2 e6 9. g5 {[%emt 0:04:54] The position is equal.} Nfd7 10. Be3 Nc6 11. f4 {[%emt 0:31:07] Prevents Nce5.} Rc8 12. Nce2 (12. Nxc6 $11 Bxc6 13. Qd2) 12... Qc7 13. Nxc6 Bxc6 14. Qd2 Nc5 15. Ng3 Be7 (15... h6 $11 {should be considered.}) 16. O-O-O (16. f5 $16) 16... O-O (16... h6 $1 $11 {is more appropriate.}) 17. f5 $14 {[%emt 0:04:38][%cal Of5f6] Black must now prevent f6!} Qb7 $2 {[%emt 0:06:01] [#] Loses the game.} (17... Rfd8 $14) 18. f6 $1 $18 gxf6 (18... Nxe4 19. Bxe4 Bxe4 20. fxe7 Rfe8) 19. gxf6 Bxf6 20. Nh5 Be7 21. Bxc5 {[%emt 0:01:28] Weighted Error Value: White=0.16 (very precise) /Black=0.91.  Loses game:     	---       	Black=1      Mistake:       	White=2     	Black=3      Inaccurate:     	White=1     	Black=2      OK:         	White=5     	Black=3      Strong:       	White=1     	---} (21. Bh3+ $142 Kh8 22. Bd4+ e5 23. Qh6 (23. Bxc8 Qxc8 24. Bxc5 Qe6 $18) 23... Ne6 24. Bxe6 Bg5+ 25. Rxg5 (25. Qxg5 f6 $18) 25... fxe6 26. Rxe5 (26. Rg7 Bxe4 27. Bc3 Rf7 28. Rxf7 Qxf7 29. Rxd6 Qe7 30. Bxe5+ Kg8 31. Nf6+ Kf7)) 1-0

[Event "Mitropa Cup Open 2024"]
[Site "Apolda"]
[Date "2024.02.15"]
[Round "1.13"]
[White "Girel, Joseph"]
[Black "Baidetskyi, Valentin"]
[Result "1/2-1/2"]
[ECO "E73"]
[WhiteElo "2492"]
[BlackElo "2499"]
[Annotator "TA"]
[PlyCount "59"]
[EventDate "2024.02.15"]
[EventType "team-tourn"]
[EventCountry "GER"]
[SourceTitle "playchess.com"]
[Source "ChessBase"]
[SourceQuality "1"]
[WhiteTeam "France"]
[BlackTeam "Austria"]
[WhiteTeamCountry "FRA"]
[BlackTeamCountry "AUT"]
[TimeControl "40/5400+30:1800+30"]

1. d4 Nf6 2. c4 g6 3. Nc3 Bg7 4. e4 d6 5. Be2 O-O 6. Be3 e5 7. d5 Na6 8. g4 Nc5 9. f3 h5 10. g5 {[%emt 0:01:06] White is slightly better.} Nh7 11. h4 f6 12. Qd2 fxg5 13. hxg5 Rf4 $1 14. b4 Na6 15. Rb1 Nxg5 {[%emt 0:00:26] The position is equal.} 16. c5 $1 dxc5 $1 17. bxc5 b6 $1 18. d6 {[%emt 0:00:16] [#] Black must now prevent Nd5.} Nxc5 $1 {[%emt 0:00:26][%cal Oc7c6] Strongly threatening ...c6!} 19. Bxc5 bxc5 20. Qd5+ Be6 21. dxc7 Qf8 (21... Bxd5 $2 {is the wrong capture.} 22. cxd8=B (22. cxd8=Q+ Rxd8 23. Nxd5 Rf7 $18) 22... Rxd8 23. Nxd5 $18) 22. Qxa8 Qxa8 ({Don't go for} 22... Nxf3+ $2 23. Nxf3 Qxa8 24. Rb8+ Rf8 25. Rxa8 Rxa8 26. Ng5 $18) 23. Rb8+ Rf8 24. Rxa8 Rxa8 25. Ba6 {[%emt 0:00:15] Prevents Rc8} Bc8 26. Bc4+ Be6 27. Ba6 Bc8 28. Bc4+ Be6 29. Ba6 Bc8 $1 30. Bb5 {[%emt 0:44:30] Weighted Error Value: White=0.04 (flawless) /Black=0.01 (flawless) .  Inaccurate:     	White=2     	---        OK:         	White=10    	Black=6      Best:        	White=2     	Black=6      Strong:       	White=1     	Black=5} 1/2-1/2

[Event "Mitropa Cup Open 2024"]
[Site "Apolda"]
[Date "2024.02.15"]
[Round "1.14"]
[White "Peyrer, Konstantin"]
[Black "Makkar, Rajat"]
[Result "1/2-1/2"]
[ECO "D30"]
[WhiteElo "2439"]
[BlackElo "2453"]
[Annotator "TA"]
[PlyCount "43"]
[EventDate "2024.02.15"]
[EventType "team-tourn"]
[EventCountry "GER"]
[SourceTitle "playchess.com"]
[Source "ChessBase"]
[SourceQuality "1"]
[WhiteTeam "Austria"]
[BlackTeam "France"]
[WhiteTeamCountry "AUT"]
[BlackTeamCountry "FRA"]
[TimeControl "40/5400+30:1800+30"]

1. c4 c6 2. Nf3 d5 3. d4 Nf6 4. e3 e6 5. Nbd2 Be7 6. Bd3 Nbd7 7. O-O O-O 8. b3 dxc4 9. bxc4 c5 10. Bb2 cxd4 11. exd4 b6 12. Qe2 Bb7 13. Rfd1 Re8 {[%emt 0:04:09] The position is equal.} 14. Rac1 Qc7 15. Ne4 Qf4 16. Nxf6+ Bxf6 17. Qe3 Qg4 18. h3 Qh5 19. Be2 {[%emt 0:00:08] Strongly threatening Ne5.} Qg6 20. Bd3 Qh5 21. Be2 {[%emt 0:02:06] Black must now prevent Ne5.} Qg6 22. Bd3 {[%emt 0:01:34] A rather calm draw.   Weighted Error Value: White=0.04 (flawless) /Black=0.01 (flawless) .  Inaccurate:     	White=1     	---        OK:         	White=4     	Black=6} 1/2-1/2

[Event "Mitropa Cup Open 2024"]
[Site "Apolda"]
[Date "2024.02.15"]
[Round "1.15"]
[White "Velten, Paul"]
[Black "Morgunov, Marc"]
[Result "1/2-1/2"]
[ECO "E11"]
[WhiteElo "2470"]
[BlackElo "2368"]
[Annotator "TA"]
[PlyCount "91"]
[EventDate "2024.02.15"]
[EventType "team-tourn"]
[EventCountry "GER"]
[SourceTitle "playchess.com"]
[Source "ChessBase"]
[SourceQuality "1"]
[WhiteTeam "France"]
[BlackTeam "Austria"]
[WhiteTeamCountry "FRA"]
[BlackTeamCountry "AUT"]
[TimeControl "40/5400+30:1800+30"]

1. d4 Nf6 2. c4 e6 3. Nf3 Bb4+ 4. Nbd2 Be7 5. e4 d5 6. e5 Nfd7 7. cxd5 exd5 8. Bd3 c5 9. O-O Nc6 10. Re1 O-O 11. a3 a5 12. Bb1 a4 13. Bc2 Qa5 {[%emt 0:10:22] [#]} 14. b4 $1 {[%emt 0:02:44] White is slightly better.} cxb4 15. axb4 Qb6 16. Nf1 Nxb4 17. Bxa4 Qg6 {[%emt 0:02:11] Prevents Bg5.} 18. Ba3 Nb6 19. Bb3 Bd7 (19... Nc4 $11 {keeps the balance.} 20. Bxc4 dxc4) 20. Ne3 $16 Rfc8 21. Qb1 (21. Qd2 $5 Rxa3 22. Rxa3 $14) 21... Bb5 22. Nf5 Bf8 {[%emt 0:00:32] [#] Threatens to win with ...Bd3.} 23. Nd6 $1 Bxd6 24. Qxg6 (24. exd6 {seems wilder.} Qxd6 25. Ne5 f6 26. Ng4) 24... hxg6 25. exd6 Nd3 {[%emt 0:04:24] A dynamic duo of knights.} ({Don't go for} 25... Nc2 $2 26. Bxc2 Rxc2 27. Rab1 $18) 26. Reb1 Ra6 (26... Bd7 $11) 27. Bd1 $36 {[%emt 0:00:26][%mdl 2048] White is pushing.} Bc4 {[%emt 0:04:47] [#]} (27... Bc6 $14) 28. Ne5 (28. Rxb6 $1 $16 Rxb6 29. d7) 28... Rca8 $11 29. h4 f6 $2 (29... Nxe5 $1 $11 30. dxe5 Bd3) 30. Nxd3 $2 ({Only move:} 30. Nxg6 $18 Kf7 31. Bh5) 30... Bxd3 31. Rb3 Bf5 {[%emt 0:00:22] Strongly threatening ...Nc4.} (31... Bc4 $5 32. Rb2 Bd3 $11) 32. g4 Be6 {[%emt 0:00:42] aiming for ...Nc4.} (32... Bc8 $5 33. Be2 Nc4 $11) 33. Rab1 Nc4 {[%emt 0:00:13] Prevents Re3.} 34. Bb4 Nxd6 35. Bxd6 Rxd6 36. Rxb7 Rad8 37. g5 R6d7 38. Bc2 Kf7 39. Rxd7+ Rxd7 {[%emt 0:00:06][%mdl 4096] Endgame. KRB-KRB. The position is equal.} 40. Rb6 Rc7 41. Bb3 Rc3 42. Rb7+ Kf8 43. Rb8+ Ke7 44. Rb7+ Kf8 45. Rb8+ Ke7 46. Rb7+ {[%emt 0:00:00] Weighted Error Value: White=0.21 (precise) /Black=0.23 (precise) .  Loses game:     	---       	Black=1      Missed win:     	White=1     	---        Mistake:       	White=1     	Black=3      Inaccurate:     	White=3     	Black=2      OK:         	White=12    	Black=17     Best:        	---       	Black=1} 1/2-1/2

[Event "Mitropa Cup Open 2024"]
[Site "Apolda"]
[Date "2024.02.15"]
[Round "1.16"]
[White "Dotzer, Lukas"]
[Black "Decuigniere, Tom"]
[Result "1/2-1/2"]
[ECO "B80"]
[WhiteElo "2335"]
[BlackElo "2401"]
[Annotator "TA"]
[PlyCount "60"]
[EventDate "2024.02.15"]
[EventType "team-tourn"]
[EventCountry "GER"]
[SourceTitle "playchess.com"]
[Source "ChessBase"]
[SourceQuality "1"]
[WhiteTeam "Austria"]
[BlackTeam "France"]
[WhiteTeamCountry "AUT"]
[BlackTeamCountry "FRA"]
[TimeControl "40/5400+30:1800+30"]

1. e4 c5 2. Nf3 d6 3. d4 cxd4 4. Nxd4 Nf6 5. Nc3 a6 6. f3 e6 7. Be3 b5 8. Qd2 Nbd7 9. g4 b4 10. Na4 h6 11. h4 (11. Qxb4 d5 12. Qd2 dxe4 $15) 11... d5 (11... Ne5 $5) 12. Rg1 $1 dxe4 {[%emt 0:03:15] The position is equal.} 13. g5 hxg5 (13... Nd5 $5) 14. hxg5 {[%emt 0:00:13] [#] 0-0-0 would now be deadly.} Nd5 15. O-O-O {[%emt 0:10:04] Black must now prevent g6.} g6 $1 16. Bc4 $1 (16. fxe4 Nxe3 17. Qxe3 Qa5 $17) 16... Bb7 $1 17. fxe4 Nxe3 18. Qxe3 {[%emt 0:00:24][%cal Od4e6] [#] Hoping for Nxe6!} Qa5 19. Nxe6 fxe6 20. Bxe6 Ne5 21. Nb6 Bc5 22. Qf4 {[%emt 0:02:43] The board is on fire.} Rf8 {[%emt 0:03:03] Against Qf6} (22... Bxb6 $2 23. Qf6 Rh7 24. Rh1 $18) 23. Bf7+ $1 Nxf7 24. Qg4 $1 Qb5 25. Qe6+ Be7 26. Nd7 ({Reject} 26. Nxa8 Bxa8 27. Qc8+ Nd8 28. Qxa8 Rf2 $15) 26... Rh8 {[%emt 0:01:34] And now ...Bc8 would win.} (26... Nxg5 $2 {loses.} 27. Qxg6+ Kd8 28. Nxf8+ Kc8 29. Rd7 Qxd7 30. Nxd7 Kxd7 31. Rxg5 Bxg5+ 32. Qxg5 $18) 27. Nf6+ Kf8 28. Nd7+ Ke8 {[%emt 0:00:04] ...Qc6 is the strong threat.} 29. Nf6+ Kf8 30. Nd7+ Ke8 {[%emt 0:00:06] A rather calm draw.   Weighted Error Value: White=0.01 (flawless) /Black=0.03 (flawless) .  Inaccurate:     	---       	Black=1      OK:         	White=8     	Black=8      Best:        	White=4     	Black=5      Strong:       	White=4     	Black=2} 1/2-1/2

[Event "Mitropa Cup Open 2024"]
[Site "Apolda"]
[Date "2024.02.15"]
[Round "1.17"]
[White "Subelj, Jan"]
[Black "Vykouk, Jan"]
[Result "0-1"]
[ECO "A53"]
[WhiteElo "2512"]
[BlackElo "2493"]
[Annotator "RC"]
[PlyCount "134"]
[EventDate "2024.02.15"]
[EventType "team-tourn"]
[EventCountry "GER"]
[SourceTitle "playchess.com"]
[Source "ChessBase"]
[SourceQuality "1"]
[WhiteTeam "Slovenia"]
[BlackTeam "Czech Republic"]
[WhiteTeamCountry "SLO"]
[BlackTeamCountry "CZE"]
[TimeControl "40/5400+30:1800+30"]

1. Nf3 Nf6 2. c4 d6 3. d4 Bf5 4. Nc3 h6 5. g3 c6 6. Bg2 Nbd7 7. O-O e5 8. Nh4 Bh7 9. e4 Be7 10. Be3 O-O 11. Nf5 Bxf5 12. exf5 exd4 13. Bxd4 Re8 14. Qc2 Qc7 15. Rad1 a5 16. h3 Nb6 17. b3 Nfd7 18. Ne4 Bf8 19. f6 g6 20. h4 Rad8 21. h5 gxh5 22. Nc3 Qb8 23. Qf5 c5 24. Be3 Re5 25. Qf3 Rde8 26. Bf4 Rf5 27. Qd3 Rxf6 28. Ne4 Rg6 29. Nxd6 Bxd6 30. Bxd6 Qc8 31. Rfe1 Rxe1+ 32. Rxe1 Nf6 33. Re7 Qd8 34. Bf1 Nc8 35. Bxc5 Qxd3 36. Bxd3 Nxe7 37. Bxe7 Ne4 38. Bxe4 Re6 39. Bxb7 Rxe7 40. Bd5 Re1+ 41. Kg2 Kf8 42. a3 Ra1 43. b4 Rxa3 44. bxa5 Rxa5 45. Kh3 Ra2 46. f4 Rc2 47. Bf3 Rxc4 48. Bxh5 Ke7 49. Bf3 Rc3 50. Bd5 f6 51. Be4 Kd6 52. Kg4 Rc5 53. Bg6 Ke6 54. Bd3 Kd5 55. Bg6 Kd4 56. Kf3 Ra5 57. Bh7 Ra3+ 58. Kg4 Ke3 59. Kf5 Ra6 60. Bg6 Kf3 61. g4 Ra5+ 62. Kxf6 Kxf4 63. Kg7 Kg5 64. Bh5 Ra7+ 65. Kf8 Kh4 66. Kg8 Ra5 67. Kg7 Rxh5 0-1

[Event "Mitropa Cup Open 2024"]
[Site "Apolda"]
[Date "2024.02.15"]
[Round "1.18"]
[White "Stalmach, Richard"]
[Black "Goroshkov, Maksym"]
[Result "1/2-1/2"]
[ECO "D46"]
[WhiteElo "2433"]
[BlackElo "2338"]
[Annotator "TA"]
[PlyCount "119"]
[EventDate "2024.02.15"]
[EventType "team-tourn"]
[EventCountry "GER"]
[SourceTitle "playchess.com"]
[Source "ChessBase"]
[SourceQuality "1"]
[WhiteTeam "Czech Republic"]
[BlackTeam "Slovenia"]
[WhiteTeamCountry "CZE"]
[BlackTeamCountry "SLO"]
[TimeControl "40/5400+30:1800+30"]

1. d4 Nf6 2. c4 e6 3. Nf3 d5 4. Nc3 c6 5. e3 Bb4 6. Bd3 Nbd7 7. O-O O-O 8. Qc2 $1 {[%emt 0:02:57] The main line 8.Qc2 scores better than 8.a3.} h6 {[%emt 0:02:08] D46: Semi-Slav: 5 e3 Nbd7 6 Bd3, Black avoids the Meran.} 9. a3 Bd6 10. e4 dxe4 11. Nxe4 Nxe4 12. Bxe4 f5 $146 ({Predecessor:} 12... Nf6 13. Bd3 b6 14. b4 Qc7 15. h3 Rd8 16. Qb2 Nh5 17. Re1 Nf4 18. Bf1 Ng6 19. Re4 c5 20. dxc5 bxc5 21. Qc3 f5 {½-½ Nayan Kumar,M (2056)-Islam,S (1935) BAN-chB 43rd 2017 (11)}) 13. Bd3 Qf6 14. c5 Bc7 15. Re1 (15. Bc4 $16) 15... e5 $11 16. dxe5 Nxe5 17. Nxe5 Bxe5 18. Qe2 Bd7 19. Bc4+ (19. Qxe5 Rae8 20. Bc4+ Kh7 $15) 19... Kh7 (19... Kh8 $1 $11) 20. Qxe5 (20. Bxh6 $1 $14 {might be stronger.} Bxh2+ 21. Kxh2 Qxh6+ 22. Kg1) 20... Rae8 $11 21. Bf4 $1 Rxe5 22. Bxe5 Qh4 23. f4 Re8 24. Rad1 Bc8 (24... Be6 $15 25. Bxe6 Rxe6) 25. g3 $11 Qh5 26. Rd6 a5 27. Kg2 a4 28. Re3 Re7 29. Rd8 Re8 $1 30. Rd6 Re7 31. h4 Qe8 32. g4 Be6 (32... fxg4 $5 33. Bd3+ $8 Kg8 $16) 33. Bxe6 Rxe6 34. gxf5 Rf6 (34... Rxd6 $11 {remains equal.} 35. cxd6 Qh5 (35... Qf7 36. Rg3 $11)) 35. Rg3 (35. Bxf6 $6 Qxe3 36. Rd7 Qe4+ (36... Qxf4 37. Rxg7+ Kh8 38. Rg4+ Kh7 39. Rxf4 Kg8 40. Rg4+ Kf8 41. Be5) 37. Kg3 Kg8 (37... Qxf5 $2 38. Rxg7+ Kh8 39. Be5 $18) (37... Qe3+ 38. Kg4 $11) 38. Rxg7+ Kf8 $11) (35. Bd4 $16 Rxd6 36. Rxe8 Rxd4 37. Kf3) 35... Qh5 $1 $11 36. Bxf6 (36. Rd7 $5 Qe2+ $8 37. Kh3 Qf1+ 38. Kh2 Qf2+ 39. Kh3 Qf1+ (39... Rxf5 40. Rgxg7+ Kh8 41. Rh7+ Kg8 42. Rh8#) 40. Rg2 Qh1+ (40... Rxf5 41. Rdxg7+ Kh8 42. Rg8+ Kh7 43. Rh8#) 41. Kg3 Qe1+ (41... Rxf5 $2 {loses.} 42. Rxg7+ Kh8 43. Bc3 $18) 42. Kf3 Qf1+ 43. Kg3 Qe1+ 44. Kf3 Qf1+ 45. Kg3 Qe1+ $11) 36... Qe2+ 37. Kg1 Qe1+ 38. Kg2 Qe2+ 39. Kg1 Qe1+ 40. Kh2 Qf2+ 41. Rg2 Qxf4+ 42. Kg1 Qe3+ 43. Kf1 Qf3+ 44. Rf2 Qh1+ 45. Ke2 gxf6 46. Rd7+ Kg8 47. Rxb7 Qe4+ 48. Kd1 Qd3+ 49. Kc1 Qc4+ (49... Qe3+ $11 50. Rd2 Kf8) 50. Kb1 $16 Qe4+ {[%emt 0:00:00] [#]} 51. Ka2 (51. Rc2 $1 $16) 51... Qd5+ $11 52. b3 axb3+ 53. Rxb3 Qxc5 54. Rb8+ Kf7 55. Rb7+ Kf8 56. Rd2 Ke8 57. Rb8+ Ke7 58. Rb7+ Ke8 59. Rb8+ Ke7 60. Rb7+ 1/2-1/2

[Event "Mitropa Cup Open 2024"]
[Site "Apolda"]
[Date "2024.02.15"]
[Round "1.19"]
[White "Lavrencic, Matic"]
[Black "Gnojek, Petr"]
[Result "1-0"]
[ECO "B13"]
[WhiteElo "2299"]
[BlackElo "2428"]
[Annotator "TA"]
[PlyCount "55"]
[EventDate "2024.02.15"]
[EventType "team-tourn"]
[EventCountry "GER"]
[SourceTitle "playchess.com"]
[Source "ChessBase"]
[SourceQuality "1"]
[WhiteTeam "Slovenia"]
[BlackTeam "Czech Republic"]
[WhiteTeamCountry "SLO"]
[BlackTeamCountry "CZE"]
[TimeControl "40/5400+30:1800+30"]

1. e4 c6 2. d4 d5 3. exd5 cxd5 4. Bd3 Nc6 5. c3 Qc7 6. h3 Nf6 7. Nf3 g6 8. O-O Bf5 9. Re1 O-O-O (9... Bxd3 $11 {keeps the balance.} 10. Qxd3 e6) 10. a4 $16 {[%emt 0:06:26] White is clearly better.} Bxd3 11. Qxd3 Ne4 12. Na3 Bg7 $2 {[%emt 0:04:01] [#]} (12... e6 $16 13. Nb5 Qd7) 13. Nb5 $18 Qd7 14. c4 f5 15. Bf4 e5 16. dxe5 d4 17. e6 Qe7 {[%emt 0:03:45] [#]} (17... Qxe6 {keeps fighting.} 18. Ng5 Nxg5) 18. c5 $1 Nxc5 (18... Qxe6 19. Nd6+) 19. Qc4 a6 20. Bg5 axb5 21. axb5 Qd6 22. bxc6 Rde8 23. Ra8+ {[%emt 0:03:40] Black is weak on the dark squares} Kc7 24. cxb7 Qc6 25. b8=Q+ Rxb8 26. Bf4+ Kb7 27. Rxb8+ (27. Ra5 $142 Na6 28. Rb5+ Qxb5 29. Qxb5+ Ka7 30. Bxb8+ Rxb8 31. Qd5 (31. Qd7+ Rb7 $18) 31... Bh6 32. e7 (32. Qxd4+ Kb7 33. Qd5+ Kb6 34. e7 Nc7 35. Qd6+ Kb7 36. Ne5 Bc1 37. Qc6+ Ka7) (32. Nxd4 Be3 33. Rxe3 Rxb2 34. Ra3 g5 35. Qc6 Kb8 36. Rxa6 Rb1+ 37. Kh2 Ra1 38. Rxa1 h6 39. Ra8#)) 27... Rxb8 28. Qb4+ {[%emt 0:00:16] White took control after the opening.   Weighted Error Value: White=0.13 (very precise) /Black=1.14.  Loses game:     	---       	Black=1      Mistake:       	---       	Black=2      Inaccurate:     	---       	Black=2      OK:         	White=6     	Black=3      Best:        	White=1     	---} 1-0

[Event "Mitropa Cup Open 2024"]
[Site "Apolda"]
[Date "2024.02.15"]
[Round "1.20"]
[White "Nemec, Jachym"]
[Black "Olenik Campa, Rudi"]
[Result "1-0"]
[ECO "E04"]
[WhiteElo "2393"]
[BlackElo "2299"]
[Annotator "RC"]
[PlyCount "93"]
[EventDate "2024.02.15"]
[EventType "team-tourn"]
[EventCountry "GER"]
[SourceTitle "playchess.com"]
[Source "ChessBase"]
[SourceQuality "1"]
[WhiteTeam "Czech Republic"]
[BlackTeam "Slovenia"]
[WhiteTeamCountry "CZE"]
[BlackTeamCountry "SLO"]
[TimeControl "40/5400+30:1800+30"]

1. d4 Nf6 2. c4 e6 3. g3 d5 4. Bg2 Bb4+ 5. Nd2 O-O 6. Ngf3 dxc4 7. Qc2 a5 8. a3 Bxd2+ 9. Bxd2 b5 10. a4 c6 11. e4 e5 12. dxe5 Nfd7 13. O-O Nc5 14. Be3 Qd3 15. Qxd3 Nxd3 16. axb5 cxb5 17. Nd4 Bd7 18. f4 a4 19. e6 fxe6 20. e5 Ra6 21. Bb7 Rb6 22. Be4 Ra6 23. f5 exf5 24. Bd5+ Kh8 25. e6 Rd6 26. Nxf5 Rxd5 27. Ne7 Rd8 28. Nxd5 Bxe6 29. Nc3 Bd7 30. Ne4 h6 31. Bb6 Rg8 32. Nc5 Bh3 33. Rf3 Nxb2 34. Ra2 c3 35. Rxc3 Rf8 36. Rc1 a3 37. Bc7 b4 38. Be5 Rc8 39. Bxb2 axb2 40. Rxb2 Na6 41. Nd3 Rd8 42. Nf4 Bc8 43. Rc6 Bb7 44. Rb6 Rd7 45. Ng6+ Kg8 46. Re2 Rd1+ 47. Kf2 1-0